 Dungeon Crawl Stone Soup version 0.23.0 (webtiles) character file.

Game seed: 125564144461337347

29 Folque the Digger (level 3, -1/29 HPs)
             Began as a Draconian Earth Elementalist on Feb 9, 2019.
             Slain by Sigmund
             ... wielding a cursed -1 scythe
              (9 damage)
             ... on level 2 of the Dungeon.
             The game lasted 00:04:22 (1542 turns).

Folque the Digger (Draconian Earth Elementalist)    Turns: 1542, Time: 00:04:23

Health: -1/29      AC:  5    Str: 10    XL:     3   Next: 1%
Magic:  0/6        EV: 12    Int: 16    God:
Gold:   78         SH:  0    Dex: 11    Spells: 1/7 levels left

rFire    . . .     SeeInvis .   d - +0 dagger
rCold    . . .     Gourm    .   (no shield)
rNeg     . . .     Faith    .   (armour unavailable)
rPois    .         Spirit   .   (helmet restricted)
rElec    .         Reflect  .   (no cloak)
rCorr    .         Harm     .   (no gloves)
MR       .....                  (no boots)
Stlth    ++........             (no amulet)
HPRegen  0.09/turn              (no ring)
MPRegen  0.10/turn              (no ring)

@: very slightly contaminated
A: unfitting armour, cold-blooded, AC +5
a: no special abilities


You were on level 2 of the Dungeon.
You were very hungry.

You visited 1 branch of the dungeon, and saw 2 of its levels.

You collected 78 gold pieces.

Inventory:

Hand Weapons
 d - a +0 dagger (weapon)
Missiles
 b - 72 stones (quivered)
Jewellery
 f - a +3 ring of protection {unknown}
Potions
 e - 2 potions of curing
Comestibles
 c - 3 rations


   Skills:
 + Level 1.8 Fighting
 - Level 1.7 Dodging
 - Level 1.7 Stealth
 * Level 2.5 Spellcasting
 - Level 1.0 Transmutations
 + Level 3.2 Earth Magic


You had one spell level left.
You knew the following spells:

 Your Spells              Type           Power        Failure   Level  Hunger
a - Sandblast             Erth           ##....       5%          1    #......
b - Passwall              Tmut/Erth      #.......     12%         2    ##.....
c - Stone Arrow           Conj/Erth      #.....       30%         3    ###....

Your spell library contained the following spells:

 Spells                   Type           Power        Failure   Level  Hunger
 Petrify                  Tmut/Erth      #.......     63%         4    #####..
 Lee's Rapid Deconstruct  Erth           ##........   82%         5    ######.


Dungeon Overview and Level Annotations

Branches:
Dungeon (2/15)

Altars:

Annotations:
D:2 Sigmund


Innate Abilities, Weirdness & Mutations

Your plain brown scales are hard. (AC +5)
You cannot fit into any form of body armour.
You are cold-blooded and may be slowed by cold attacks.


Message History

It was a potion of curing.
You feel better. Sigmund barely misses you.
You aren't carrying any scrolls.
You aren't carrying any items that you can evoke.
You hit Sigmund but do no damage.
Sigmund is moderately wounded.
You hit Sigmund.
You tail-slap Sigmund, but do no damage.
Sigmund is moderately wounded.
Sigmund hits you with a cursed -1 scythe!
* * * LOW HITPOINT WARNING * * *
Sigmund casts a spell.
Sigmund flickers and vanishes!
Deactivating autopickup; reactivate with Ctrl-A.
Casting: Stone Arrow (safe; 30% risk of failure)
Confirm with . or Enter, or press ? or * to list all spells.
Aiming: Sandblast (safe; 5% risk of failure)
Press: ? - help, Shift-Dir - straight line
b - 72 stones Something hits you!
You die...

# ... #.### ....
#############.###..
..................
##########....#############
# #...>..@..)....... #
#.......###.....## #
###.....# .....# # #.....#
.....# # #.....# .....# #
####### ....... # .(..... #
....... #


There were no monsters in sight!

Vanquished Creatures
  A dart slug (D:1)
  A giant cockroach (D:1)
  4 goblins
  6 hobgoblins (D:1)
  4 kobolds (D:1)
  3 bats (D:1)
  2 frilled lizards (D:1)
  4 rats (D:1)
25 creatures vanquished.

Notes
Turn   | Place    | Note
-------+----------+-------------------------------------------
     0 | D:1      | Folque the Draconian Earth Elementalist began the quest for
                  | the Orb.
     0 | D:1      | Reached XP level 1. HP: 14/14 MP: 3/3
   452 | D:1      | Reached skill level 1 in Fighting
   460 | D:1      | Reached XP level 2. HP: 18/23 MP: 0/5
   750 | D:1      | Learned a level 2 spell: Passwall
  1525 | D:2      | Reached XP level 3. HP: 24/29 MP: 6/6
  1527 | D:2      | Noticed Sigmund
  1530 | D:2      | Learned a level 3 spell: Stone Arrow
  1542 | D:2      | Slain by Sigmund

Skill      XL: |  1 |
---------------+----+-----
Fighting       | 1 |  1.8
Dodging        | |  1.7
Stealth        | |  1.7
Spellcasting   | |  2.5
Transmutations | |  1.0
Earth Magic    | |  3.2

Action                   || total
-------------------------++-------
Melee: Unarmed           ||    61
       Tailslap          ||     8
       Dagger            ||    63
 Cast: Sandblast         ||    10
       Passwall          ||     1
       Stone Arrow       ||     1
  Use: Scroll            ||     2
       Potion            ||     1
 Stab: Sleeping          ||     1
  Eat: Chunk             ||     1
Armor: Skin              ||    41
Dodge: Dodged            ||    82
